 Crawl Stoat Soup version 0.23-ish-327-87-g3a41155e8f (console) character file.

4657 ceb the Merchant of Misery (level 10, -10/73 HPs)
             Began as a Faerie Dragon Necromancer on Mar 30, 2024.
             Was a Believer of Kikubaaqudgha.
             Mangled by Snorg (20 damage)
             ... on level 10 of the Dungeon on Mar 31, 2024.
             The game lasted 00:24:27 (9406 turns).

ceb the Merchant of Misery (FDNe)                   Turns: 9406, Time: 00:24:27

Health: -10/73     AC:  8    Str:  8    XL:     10   Next: 43%
Magic:  13/15 (18) EV: 15    Int: 28    God:    Kikubaaqudgha [**....]
Gold:   159        SH: 12    Dex: 10    Spells: 11/23 levels left

rFire    . . .     SeeInvis .   H - +4 falchion
rCold    . . .     Gourm    +   A - +1 buckler {reflect}
rNeg     . . .     Faith    .   (armour unavailable)
rPois    .         Spirit   .   (helmet restricted)
rElec    .         Warding  .   m - +0 cloak
rCorr    .         Reflect  +   (no gloves)
MR       +....     Harm     .   p - +0 pair of boots
Stlth    ..........             C - amulet of the gourmand
HPRegen  1.22/turn              k - +5 ring of intelligence
MPRegen  0.16/turn              (no ring)

@: flying, regenerating, drained, 3 MP reserved for charms, 0.10 MP regen used
to sustain charms
A: small, sparkly, unfitting armour, horns 1, clumsy 1, low mp 1, robust 1,
strong 1, magic attunement, magical scales, able to fly
a: Stop Flying, Receive Corpses, Renounce Religion, End Permanent Enchantments


You were on level 10 of the Dungeon.
You worshipped Kikubaaqudgha.
Kikubaaqudgha was pleased with you.
You were very full.

You visited 2 branches of the dungeon, and saw 11 of its levels.
You also visited: Sewer.

You collected 545 gold pieces.
You spent 386 gold pieces at shops.

Inventory:

Hand Weapons
 a - a +0 scimitar
 f - a +0 trident
 r - a +0 mace of crushing
 w - a +3 spear
 E - a +3 flail
 H - a +4 falchion (weapon)
Armour
 m - a +0 cloak (worn)
 p - a +0 pair of boots (worn)
 A - a +1 buckler of reflection (worn)
Jewellery
 h - an uncursed amulet of the acrobat
 k - a +5 ring of intelligence (left hand)
 C - an amulet of the gourmand (around neck)
 I - a cursed ring of teleportation {unknown}
Wands
 s - a wand of paralysis (13 charges)
 x - a wand of charm monster (7 charges)
 B - a wand of acid (7 charges)
 F - 2 wands of flame (65 charges)
 M - a wand of iceblast (10 charges)
Scrolls
 b - 6 scrolls of remove curse
 i - a scroll of amnesia
 o - 2 scrolls of identify
 t - a scroll of enchant armour
 v - 4 scrolls of teleportation
 y - a scroll of fog
 D - a scroll of summoning
 J - 2 scrolls of enchant weapon {unknown}
 K - a scroll of immolation
 N - a scroll of blinking {unknown}
Potions
 d - a potion of might
 e - a potion of heal wounds
 g - 9 potions of curing {unknown}
 j - a potion of agility
 l - 2 potions of invisibility
 n - a potion of cancellation
 z - a potion of mutation
 G - a potion of ambrosia {unknown}
 L - a potion of degeneration {unknown}
Comestibles
 c - 18 bread rations
 q - 4 meat rations
 u - 2 fruits


   Skills:
 + Level 5.6(4.9) Fighting
 + Level 7.2(6.5) Dodging
 - Level 1.2(0.6) Stealth
 + Level 3.3(2.6) Shields
 + Level 7.4(6.6) Spellcasting
 * Level 11.8(11.0) Necromancy


You had 11 spell levels left.
You knew the following spells:

 Your Spells              Type           Power        Failure   Level  Hunger
a - Necrotise             Necr           25/25        1%          1    None
b - Animate Dead          Necr           N/A          1%          4    None
c - Vampiric Draining     Necr           63/200       1%          3    None
d - Regeneration          Chrm/Necr      40/200       8%          4    None

Your spell library contained the following spells:

 Spells                   Type           Power        Failure   Level  Hunger
 Corpse Rot               Necr           N/A          1%          2    None
 Sublimation of Blood     Necr           63/200       1%          2    None
 Freeze                   Ice            9/25         8%          1    None
 Magic Dart               Conj           9/25         8%          1    None
 Poisonous Vapours        Pois/Air       9/50         12%         2    None
 Searing Ray              Conj           9/50         12%         2    None
 Conjure Flame            Conj/Fire      9/100        22%         3    None
 Dazzling Spray           Conj/Hex       9/50         22%         3    None
 Mephitic Cloud           Conj/Pois/Air  9/100        22%         3    None
 Ozocubu's Armour         Chrm/Ice       9/100        22%         3    None
 Force Lance              Conj/Tloc      9/100        58%         4    None
 Fulminant Prism          Conj/Hex       9/200        58%         4    None
 Iskenderun's Mystic Bla  Conj           9/100        58%         4    None
 Summon Ice Beast         Ice/Summ       9/100        58%         4    None
 Bolt of Cold             Conj/Ice       9/200        100%        6    None
 Freezing Cloud           Conj/Ice/Air   9/200        100%        6    None
 Ring of Flames           Chrm/Fire      9/200        100%        7    None


Dungeon Overview and Level Annotations

Branches:
Dungeon (10/15)            Temple (1/1) D:7            Lair (0/6) D:9
    Orc (0/2) D:9

Altars:
Ashenzari
Cheibriados
Dithmenos
Elyvilon
Fedhas
Gozag
Hepliaklqana
Kikubaaqudgha
Makhleb
Nemelex Xobeh
Okawaru
Qazlal
Ru
Sif Muna
Trog
Uskayaw
Vehumet
Wu Jian
Xom
Yredelemnul
Zin
The Shining One

Shops:
D:5 [   D:8 *

Annotations:
D:10 Snorg


Innate Abilities, Weirdness & Mutations

Your sparkly wings attract attention (Stealth-).
You are small and have problems with some larger weapons.
You cannot fit into any form of body armour.
Your spells do not cause hunger; their MP costs are reduced by 1.
Your shimmering scales repel attacks (AC +6, SH +6).
You can fly continuously.
You have a pair of small horns on your head.
You are clumsy. (Dex -2)
Your magical capacity is low. (-10% MP)
You are robust. (+10% HP)
Your muscles are strong. (Str +2)


Message History

Snorg claws you! Snorg bites you but does no damage. Snorg claws you!
Snorg barely misses you.
Casting: Necrotise (safe; 1% risk of failure)
Confirm with . or Enter, or press ? or * to list all spells.
Aiming: Necrotise (safe; 1% risk of failure)
Press: ? - help, Shift-Dir - straight line, f/p - Snorg
Aim: Snorg (berserk, fast, unusually strong, chance to defeat MR: 54%) Snorg resists with significant effort.
Snorg bites you!! Snorg completely misses you.
Snorg claws you but does no damage.
Casting: Necrotise (safe; 1% risk of failure)
Confirm with . or Enter, or press ? or * to list all spells.
Aiming: Vampiric Draining (safe; 1% risk of failure)
Press: ? - help, Shift-Dir - straight line, f/p - Snorg
Aim: Snorg (berserk, fast, unusually strong) Snorg is lightly wounded.
You feel life coursing into your body. Snorg bites you!!
* * * LOW HITPOINT WARNING * * *
You block Snorg's attack. Snorg misses you. Snorg bites you!!
You die...
Kikubaaqudgha rasps: "You have failed me!
Welcome... death!"

.....#####...#####5.#
................@TcS#
....[.####.....####.#
......# ##...## .#
......# ##.## .#
......## #.# .#
.......## +#.#+ .#
........###...###....
............8........
........###...###...
.......## +#.#+ .
......## #.# ......#
#.# ......# ...
...... ... ####. ...


You could see Snorg (berserk), a centaur, an adder and a white imp.

Vanquished Creatures
  Sigmund (D:3)
  A spriggan (D:7)
  2 hippogriffs
  Menkaure (D:5)
  Edmund (D:5)
  Duvessa (D:4)
  3 orc warriors
  3 ice beasts
  2 ogres
  4 sky beasts
  A centaur (D:8)
  A crocodile (D:7)
  A big kobold (Sewer)
  4 bullfrogs
  Dowan (D:4)
  5 scorpions
  6 killer bees (D:9)
  3 wights
  An electric eel (D:7)
  A goliath beetle (D:5)
  A centaur zombie (D:9)
  A bullfrog skeleton (D:5)
  2 hounds
  2 centaur skeletons
  A jelly (D:9)
  3 orc priests
  6 orc wizards
  3 iguanas
  6 worker ants
  A hound skeleton (D:8)
  9 gnolls
  2 river rats (Sewer)
  20 adders
  A shadow imp (D:5)
  2 white imps
  An ufetubus (D:6)
  5 oozes
  An adder zombie (D:6)
  2 adder skeletons
  4 worms
  6 leopard geckos
  24 orcs
  3 bats (D:1)
  13 giant cockroaches
  3 goblins
  11 hobgoblins
  8 jackals
  4 weasels
  2 ball pythons (Sewer)
  9 frilled lizards
  10 kobolds
  A leopard gecko skeleton (D:4)
  10 rats
  A weasel skeleton (D:7)
221 creatures vanquished.

Vanquished Creatures (collateral kills)
  A sky beast (D:7)
  2 ice beasts
  An ogre (D:7)
  A jelly (D:7)
  An iguana (D:4)
  A white imp (D:5)
  An ufetubus (D:5)
  A frilled lizard (D:4)
  A leopard gecko skeleton (D:8)
10 creatures vanquished.

Vanquished Creatures (others)
  An orc wizard (D:7)
  An orc (D:8)
2 creatures vanquished.

Grand Total: 233 creatures vanquished

Notes
Turn   | Place    | Note
-------+----------+-------------------------------------------
     0 | D:1      | ceb the Faerie Dragon Necromancer began the quest for the
                  | Orb.
     0 | D:1      | Reached XP level 1. HP: 11/11 MP: 3/3
   449 | D:1      | Reached skill level 5 in Necromancy
   476 | D:1      | Reached XP level 2. HP: 18/18 MP: 5/5
  1037 | D:2      | Reached XP level 3. HP: 22/22 MP: 7/7
  1117 | D:2      | Reached skill level 1 in Fighting
  1570 | D:2      | Found a deep blue altar of Sif Muna.
  1644 | D:2      | Reached XP level 4. HP: 28/28 MP: 8/8
  1890 | D:3      | Noticed Sigmund
  1899 | D:3      | Killed Sigmund
  1899 | D:3      | Reached skill level 6 in Necromancy
  1899 | D:3      | Reached XP level 5. HP: 34/34 MP: 8/10
  1993 | D:3      | Reached XP level 6. HP: 39/39 MP: 11/11
  2005 | D:3      | Learned a level 4 spell: Animate Dead
  2009 | D:3      | Learned a level 3 spell: Vampiric Draining
  2014 | D:3      | Learned a level 4 spell: Regeneration
  2710 | D:4      | Noticed Duvessa
  2710 | D:4      | Noticed Dowan
  2722 | D:4      | Killed Duvessa
  2722 | D:4      | Reached skill level 7 in Necromancy
  2728 | D:4      | Killed Dowan
  2728 | D:4      | Reached XP level 7. HP: 37/45 MP: 1/13
  3365 | D:5      | Entered Level 5 of the Dungeon
  3395 | D:5      | Noticed Edmund
  3410 | D:5      | Killed Edmund
  3483 | D:5      | Reached skill level 8 in Necromancy
  3510 | D:5      | Reached XP level 8. HP: 44/52 MP: 10/15
  3566 | D:5      | Reached skill level 5 in Spellcasting
  3588 | D:5      | Found a glowing drain.
  3605 | Sewer    | Entered a sewer
  3821 | Sewer    | Reached skill level 5 in Dodging
  4202 | D:5      | Found Plog's Antique Armour Shop.
  4221 | D:5      | Bought a runed buckler for 187 gold pieces
  4334 | D:5      | Reached skill level 9 in Necromancy
  4868 | D:5      | Noticed Menkaure
  4883 | D:5      | Killed Menkaure
  4883 | D:5      | Reached skill level 1 in Shields
  5273 | D:6      | Identified the Incunabulum of Icy Slavery
  5431 | D:6      | Reached XP level 9. HP: 27/58 MP: 7/17
  5663 | D:7      | Found a staircase to the Ecumenical Temple.
  5680 | Temple   | Entered the Ecumenical Temple
  5950 | Temple   | Became a worshipper of Kikubaaqudgha
  6144 | D:7      | Reached skill level 10 in Necromancy
  6234 | D:7      | Gained mutation: You are clumsy. (Dex -2) [mutagenic meat]
  6235 | D:7      | Gained mutation: You are robust. (+10% HP) [mutagenic meat]
  6582 | D:7      | Reached * piety under Kikubaaqudgha
  6582 | D:7      | Identified Kikubaaqudgha's Guide on Necromancy
                  | (Kikubaaqudgha gifted it to you on level 7 of the Dungeon)
  6582 | D:7      | Received a gift from Kikubaaqudgha
  6725 | D:7      | Reached skill level 5 in Fighting
  7402 | D:8      | Reached skill level 11 in Necromancy
  7550 | D:7      | Reached XP level 10. HP: 36/72 MP: 17/20
  7671 | D:8      | Found Dakhleg's Assorted Antiques.
  7679 | D:8      | Bought a scroll labeled XOOTHR QEAN for 26 gold pieces
  7679 | D:8      | Bought 2 metallic purple potions for 46 gold pieces
  7679 | D:8      | Bought a scroll labeled HUTIAK NEOSMI for 26 gold pieces
  7679 | D:8      | Bought a metallic purple potion for 23 gold pieces
  7679 | D:8      | Bought a scroll labeled LOIRAM RESO for 26 gold pieces
  8005 | D:8      | Gained mutation: Your muscles are strong. (Str +2)
                  | [mutagenic meat]
  8006 | D:8      | Gained mutation: You have a pair of small horns on your
                  | head. [mutagenic meat]
  8007 | D:8      | Gained mutation: Your magical capacity is low. (-10% MP)
                  | [mutagenic meat]
  8344 | D:8      | Bought a scroll of identify for 52 gold pieces
  8455 | D:9      | Found a staircase to the Lair.
  8690 | D:9      | Found a staircase to the Orcish Mines.
  8705 | D:9      | Reached ** piety under Kikubaaqudgha
  8775 | D:9      | HP: 3/72 [orc warrior/trident (13)]
  9355 | D:10     | Entered Level 10 of the Dungeon
  9393 | D:10     | Noticed Snorg
  9406 | D:10     | Mangled by Snorg

Vault maps used:
D:1:      minmay_arrival_shoal_huts
D:2:      lemuel_blue_sif_altar, chequers_serial_rivers_small_a
D:3:      minmay_door_square, kennysheep_generic_room_14, uniq_sigmund
D:4:      first_bread, uniq_duvessa
D:5:      serial_shops, nicolae_shop_temple_entry_statues_fountains,
          portal_sewer_entry_f, saegor_snake_ambush, uniq_menkaure, uniq_edmund
D:6:      kennysheep_decorative_pillar
D:7:      minmay_temple_entry_wispy, minmay_crystal_water, the_bakery
D:8:      nicolae_overflow_hidden_temple, serial_shops, nicolae_shop_statue_plus
D:9:      lair_entry_dummy, orc_0_dummy
D:10:     cheibrodos_barr_body, serial_rivers, chequers_serial_rivers_micro_e,
          chequers_serial_rivers_room_a, chequers_serial_rivers_micro_b,
          chequers_serial_rivers_small_3, uniq_fannar, uniq_snorg
Temple:   regret_index_temple_sigil_plot
Sewer:    sewer_co_tree

Skill      XL: |  1  2  3  4  5  6  7  8  9 10 |
---------------+-------------------------------+-----
Necromancy     | 5 6 7 8 9 11 | 11.8
Fighting       | 1 2 3 4 5 |  5.6
Spellcasting   | 3 4 5 6 7 |  7.4
Dodging        | 3 4 5 6 7 |  7.2
Shields        | 1 2 3 |  3.3
Stealth        | |  1.2

Action                   |  1- 3 |  4- 6 |  7- 9 | 10-12 || total
-------------------------+-------+-------+-------+-------++-------
Melee: Short sword       |     4 |    18 |    61 |       ||    83
       Rapier            |       |       |    25 |       ||    25
       Scimitar          |       |       |    34 |       ||    34
       Falchion          |       |       |       |    57 ||    57
       Headbutt          |       |       |       |     6 ||     6
 Cast: Necrotise         |    54 |    54 |   343 |   108 ||   559
       * Regeneration    |       |     9 |    98 |    38 ||   145
       Vampiric Draining |       |     3 |    26 |    10 ||    39
       Animate Dead      |       |     1 |     6 |     3 ||    10
  Use: Scroll            |       |       |    12 |     3 ||    15
  Eat: Chunk             |     2 |     3 |    17 |    16 ||    38
Armor: Skin              |     4 |    12 |    67 |    31 ||   114
Dodge: Dodged            |    15 |    31 |   172 |    86 ||   304
Block: Other             |    12 |    14 |    24 |       ||    50
       Buckler           |       |       |   135 |    80 ||   215
       Reflection        |       |       |     4 |     5 ||     9
       Rpst.: Rapier     |       |       |    33 |       ||    33
       Scimitar          |       |       |    12 |       ||    12
       Falchion          |       |       |       |    32 ||    32
* Casting counts for permanent charms are approximate representations of how often the player would have had to cast a non-permanent spell for the same benefits.

Table legend:
 A = Spawn XP
 B = Non-spawn XP
 C = Spawn XP percentage of total XP
 D = Spawn monster count
 E = Non-spawn monster count
 F = Spawn count percentage of total count
 G = Total turns spent on level
                    A         B        C        D         E        F      G
               +---------+---------+-------+---------+---------+-------+---------
         Total |     694 |    5959 |  10.4 |      26 |     207 |  11.2 |  9406
               +---------+---------+-------+---------+---------+-------+---------
           D:1 |      11 |      15 |  42.3 |       5 |      10 |  33.3 |   851
           D:2 |       7 |      49 |  12.5 |       2 |       9 |  18.2 |   939
           D:3 |      19 |     246 |   7.2 |       3 |      18 |  14.3 |   745
           D:4 |      13 |     508 |   2.5 |       1 |      25 |   3.8 |   830
           D:5 |     133 |     903 |  12.8 |       4 |      19 |  17.4 |  1199
           D:6 |      21 |     293 |   6.7 |       2 |      13 |  13.3 |   547
           D:7 |     120 |    1763 |   6.4 |       3 |      39 |   7.1 |  1470
           D:8 |       0 |     945 |   0.0 |       0 |      28 |   0.0 |   970
           D:9 |     370 |    1006 |  26.9 |       6 |      18 |  25.0 |   965
         Sewer |       0 |     231 |   0.0 |       0 |      28 |   0.0 |   547
               +---------+---------+-------+---------+---------+-------+---------
